Workbook

Sheet 1. Toelichting Calculatie
A2: Algemeen
A3: De calculatie dient ingevuld te worden op basis van:
A4: Het PvE inclusief de servicespecificaties, alle bij de aanbesteding horende bijlagen en uw beantwoording op de kwaliteitsciriteria.
A5: Alle tarieven en prijzen zijn all-in en exclusief BTW. Dus inclusief maar niet beperkt tot bruto salarissen, werkgeverslasten, betaald verlof, verzuimkosten, training & opleiding, materiaal, middelen, machines, vervoer, overhead, risico en winst etc.
A6: Genoemde volumes en oppervlaktes zijn gebaseerd op historische cijfers en informatie zoals op moment van publiceren bekend bij Enexis.
A7: U schrijft in op basis van de geldende CAO Schoonmaak- en glazenwassersbedrijf. U bepaalt zelf de van toepassing zijnde schaal en trede. Eventuele suppletiekosten komen alleen in aanmerking voor over te nemen medewerkers die op het moment van start van de overeenkomst boven Schaal 3 trede 4 verloond worden.
A8: Het prijzenblad dient volledig ingevuld te zijn. Dit betekent dat alle en alleen de lichtblauwe cellen moeten worden ingevuld. Wanneer de kosten 0 zijn, dient er een 0 ingevuld te worden.
A9: Het prijzenblad mag op uitzondering van het invullen van de lichtblauwe cellen niet worden aangepast, onder aanpassen wordt onder andere verstaan: het verwijderen en toevoegen van rijen/kolommen, aanpassen formules of inhoud en het toevoegen van opmerkingen.
A10: Tabblad 2. Inschrijfprijs
A11: Op dit tabblad kunt u zien op welke score u uitkomt voor het gunningscriterium prijs. Op basis van uw inschrijfprijs dat overeenkomt met het totaal van het tabblad 6. totaal Regulier onderhoud en 7. Projecten schoonmaak. Op het tabblad Inschrijfprijs hoeft u niets in te vullen m.u.v de naam van Inschrijver. In de grafiek ziet u op basis van het rode bolletje waar u uitkomt op de scorelijn. Uw score en daarmee uw puntenaantal voor het gunningscriterium prijs kunt u zien in cel C8 van het blad 2. Inschrijfprijs.
A12: Tabblad 3. Normenblad
A13: U dient hier op ruimteniveau de m2 Prestatie per uur op te geven (productienorm). Er staat op dit blad een toelichting op de gehanteerde frequenties binnen deze calculatie
... A23: Buiten de dienstverlening die valt onder de gevraagde diensten is er dienstverlening waarvan Enexis niet op voorhand kan aangeven of en in welke mate/frequentie ze zullen worden afgenomen, diensten waar mogelijk specialistische maatwerk voor nodig is en diensten waar op voorhand niet van bekend is wat de kosten van de dienstverlening zullen zijn. Voor deze optionele diensten worden regietarieven uitgevraagd. Deze prijs wordt niet meegenomen in het financiële gunningscriterium. Indien Enexis regiewerkzaamheden geleverd wil hebben, kan Enexis aan Opdrachtnemer een offerte vragen voor het leveren van die dienst. De dienstverlener moet in deze offerte aansluiten bij de opgegeven prijzen. Enexis is echter niet verplicht om om na ontvangst van de offerte de opdracht aan Opdrachtnemer te verstrekken (Enexis kan besluiten om de opdracht alsnog in de markt te zetten dan wel de opdracht in het geheel niet af te nemen).

Sheet 2. Inschrijfprijs
B3: Puntenberekening Gunningscriterium Prijs Perceel 1 Noord
B5: Naam Inschrijver
B7: Totaalprijs (Inschrijfprijs) | C7: ='6. totaal Regulier'!J74+'7. Projecten schoonmaak'!H71+'7. Projecten schoonmaak'!F81 -> #DIV/0!
B8: Behaalde gewogen score | C8: =IF(C7<J14,K14,IF(C7<J15,K15+(K15-K14)/(J15-J14)*(C7-J15),IF(C7<J16,(K16-K15)/(J16-J15)*(C7-J16),IF(C7>J17,"Uitgesloten",0)))) -> #DIV/0!
J13: Prijs | K13: Punten
I14: Minimiale prijs t.b.v. maximale punten | J14: 265000 | K14: 30
I15: Omslagpunt | J15: 295000 | K15: 23
I16: 0 puntengrens | J16: 360000 | K16: 0
I17: > Plafondprijs | J17: 375000 | K17: K.O.
I20: Onder het omslagpunt:
I21: =" = "& K15 &" + ("& K15 &"-" &K14&" ) / (€ "& J15 &"- € "& J14 &") * (Inschrijfprijs - € "&J15&") " -> = 23 + (23-30 ) / (€ 295000- € 265000) * (Inschrijfprijs - € 295000)
I22: =""
I23: Boven het omslagpunt
I24: =" = "&K16&" + ("&K16&" - "&K15&") / (€ "&J16&" -€ "&J15&") * (Inschrijfprijs - € "&J16&")" -> = 0 + (0 - 23) / (€ 360000 -€ 295000) * (Inschrijfprijs - € 360000)

Sheet 3. normenblad
A2: Normenblad Perceel 1 Noord
A4: Inschrijver: | B4: ='2. Inschrijfprijs'!C5 -> 0
A6: Ruimtesoort | B6: Freq | C6: Productienorm | D6: Totaal M2 in onderhoud
A8: Sanitair | B8: 156 | D8: =SUMIFS('5. ruimtestaat'!F:F,'5. ruimtestaat'!D:D,'3. normenblad'!A8,'5. ruimtestaat'!G:G,'3. normenblad'!B8) -> 0
A9: Sanitair | B9: 104 | D9: =SUMIFS('5. ruimtestaat'!F:F,'5. ruimtestaat'!D:D,'3. normenblad'!A9,'5. ruimtestaat'!G:G,'3. normenblad'!B9) -> 0
A10: Sanitair | B10: 52 | D10: =SUMIFS('5. ruimtestaat'!F:F,'5. ruimtestaat'!D:D,'3. normenblad'!A10,'5. ruimtestaat'!G:G,'3. normenblad'!B10) -> 0
A11: Sanitair | B11: 12 | D11: =SUMIFS('5. ruimtestaat'!F:F,'5. ruimtestaat'!D:D,'3. normenblad'!A11,'5. ruimtestaat'!G:G,'3. normenblad'!B11) -> 300
A12: Sanitair | B12: 4 | D12: =SUMIFS('5. ruimtestaat'!F:F,'5. ruimtestaat'!D:D,'3. normenblad'!A12,'5. ruimtestaat'!G:G,'3. normenblad'!B12) -> 35
A13: Sanitair | B13: 1 | D13: =SUMIFS('5. ruimtestaat'!F:F,'5. ruimtestaat'!D:D,'3. normenblad'!A13,'5. ruimtestaat'!G:G,'3. normenblad'!B13) -> 0
A14: Overige ruimten | B14: 156 | D14: =SUMIFS('5. ruimtestaat'!F:F,'5. ruimtestaat'!D:D,'3. normenblad'!A14,'5. ruimtestaat'!G:G,'3. normenblad'!B14) -> 0
A15: Overige ruimten | B15: 104 | D15: =SUMIFS('5. ruimtestaat'!F:F,'5. ruimtestaat'!D:D,'3. normenblad'!A15,'5. ruimtestaat'!G:G,'3. normenblad'!B15) -> 0
A16: Overige ruimten | B16: 52 | D16: =SUMIFS('5. ruimtestaat'!F:F,'5. ruimtestaat'!D:D,'3. normenblad'!A16,'5. ruimtestaat'!G:G,'3. normenblad'!B16) -> 0
A17: Overige ruimten | B17: 12 | D17: =SUMIFS('5. ruimtestaat'!F:F,'5. ruimtestaat'!D:D,'3. normenblad'!A17,'5. ruimtestaat'!G:G,'3. normenblad'!B17) -> 0
A18: Overige ruimten | B18: 4 | D18: =SUMIFS('5. ruimtestaat'!F:F,'5. ruimtestaat'!D:D,'3. normenblad'!A18,'5. ruimtestaat'!G:G,'3. normenblad'!B18) -> 47132.5
A19: Overige ruimten | B19: 1 | D19: =SUMIFS('5. ruimtestaat'!F:F,'5. ruimtestaat'!D:D,'3. normenblad'!A19,'5. ruimtestaat'!G:G,'3. normenblad'!B19) -> 6540
... A26: glas | B26: 2 | D26: =SUMIFS('5. ruimtestaat'!F:F,'5. ruimtestaat'!D:D,'3. normenblad'!A26,'5. ruimtestaat'!G:G,'3. normenblad'!B26) -> 8875
A27: totaal | D27: =SUM(D8:D26) -> 64817.5
A29: Productienorm:
A30: U dient hier op ruimteniveau de M2 Prestatie per uur op te geven (gearceerde cellen).
A32: frequenties
A33: 156 | B33: driemaal per week
A34: 104 | B34: tweemaal per week
A35: 12 | B35: eenmaal per maand
A36: 4 | B36: eenmaal per kwartaal
A37: 1 | B37: eenmaal per jaar

Sheet 4. uurtarief opbouw
A2: Opbouw uurtarief Perceel 1 Noord | F2: Indexatie
A3: ='2. Inschrijfprijs'!C5 -> 0 | C3: 2027 | D3: Indexatie
B4: % | C4: € | D4: CBS-CAO-lonen index; cao-lonen per uur, incl. bijz.belongingen (812 Schoonmaakbedrijven) | F4: Onderdeel | G4: weging deel 1 | H4: Grondslag | I4: Link | J4: weging deel 2 | L4: Link
A5: Basis uurloon Nulsituatie | F5: Regulier Schoonmaakonderhoud en projecten schoonmaak | G5: zie opbouw uurtarief | H5: CBS-CAO-lonen index; cao-lonen per uur, incl. bijz.belongingen (812 Schoonmaakbedrijven) | I5: Link | J5: Zie opbouw uurtarief | K5: DPI - 812 Reiniging | L5: Link
A6: Vakantietoeslag | C6: =C5*B6 -> 0 | F6: tabblad 8. Regie werkzaamheden | G6: 0.7 | H6: CBS-CAO-lonen index; cao-lonen per uur, incl. bijz.belongingen (812 Schoonmaakbedrijven) | I6: Link | J6: 0.3 | K6: DPI - 812 Reiniging | L6: Link
A7: Eindejaars uitkering | C7: =C5*B7 -> 0 | F7: tabblad 7. Projecten schoonmaak onderdeel leveringen | G7: 0.5 | H7: CBS-Consumentenprijzen (CPI) - 000000 Alle bestedingen | I7: Link | J7: 0.5 | K7: Dienstenprijsindex (DPI) | L7: Link
A8: Bruto uurloon inclusief toeslagen | C8: =C5+C6+C7 -> 0
A9: Premies Sociale Verzekeringen+RAS+Pensioen | C9: =C8*B9 -> 0 | F9: Uitgangspunten:
A10: Subtotaal loonkosten per uur | C10: =SUM(C8:C9) -> 0 | F10: De prijsaanpassing wordt jaarlijks, na controle door Enexis, per 1 januari doorgevoerd, voor het eerst per 1 januari 2028.
A11: Opslag niet werkbare dagen | C11: =B11*C10 -> 0 | F11: Voor de berekening van de indexatiegrondslag wordt de jaarmutatie van de maand juli gehanteerd, indien geen publicatie in maanden geldt 2e kwartaal.
A12: Reservering transitievergoeding | C12: =C10*B12 -> 0
A13: Totaal loonkosten per uur | C13: =C11+C9+C8+C12 -> 0
A14: Vervoerskosten | C14: =$C$13*B14 -> 0
A15: Materiaal/- en middelen | C15: =$C$13*B15 -> 0
A16: Afvalzakken | C16: =$C$13*B16 -> 0
A17: Werkkleding en uitrusting | C17: =$C$13*B17 -> 0
A18: Machinekosten | C18: =$C$13*B18 -> 0
A19: Opdrachtspecifieke opleiding | C19: =$C$13*B19 -> 0
A20: Totaal directe kosten | C20: =C13+C14+C15+C16+C17+C18+C19 -> 0
A21: Toezicht | C21: =$C$20*B21 -> 0 | D21: DPI 812 reiniging
A22: Managementkosten | C22: =$C$20*B22 -> 0
A23: P.Z. kosten | C23: =$C$20*B23 -> 0
A24: Opleiding algemeen | C24: =$C$20*B24 -> 0
A25: Administratiekosten | C25: =$C$20*B25 -> 0
A26: Huisvestingskosten | C26: =$C$20*B26 -> 0
A27: Verzuim en begeleiding | C27: =$C$20*B27 -> 0
A28: Wervingskosten | C28: =$C$20*B28 -> 0
A29: Optioneel op te nemen | C29: =$C$20*B29 -> 0
A30: Totaal indirecte kosten | C30: =C20+C21+C22+C23+C24+C25+C26+C27+C28+C29 -> 0
A31: Risico en winst | C31: =C30*B31 -> 0 | D31: DPI 812 reiniging
A32: Inschrijf uurtarief | C32: =C30+C31 -> 0

Sheet 5. ruimtestaat
A2: Ruimtestaat Perceel 1 Noord
A4: ='2. Inschrijfprijs'!C5 -> 0
A6: Vestiging | B6: plaats | C6: adres | D6: Ruimtesoort | E6: Vloerafwerking | F6: Opp. in m² | G6: Freq | H6: opp per jaar | I6: norm | J6: tarief per jaar
A7: Groningen en Drenthe | B7: Assen Marsdijk | C7: Klompmakerstraat 17 | D7: Restauratief | E7: harde vloer | F7: 25 | G7: 12 | H7: =F7*G7 -> 300 | I7: =SUMIFS('3. normenblad'!C:C,'3. normenblad'!A:A,D7,'3. normenblad'!B:B,G7) -> 0 | J7: =IFERROR(H7/I7*'4. uurtarief opbouw'!$C$32,0) -> 0
A8: Groningen en Drenthe | B8: Assen Marsdijk | C8: Klompmakerstraat 17 | D8: Sanitair | E8: steen | F8: 5 | G8: 12 | H8: =F8*G8 -> 60 | I8: =SUMIFS('3. normenblad'!C:C,'3. normenblad'!A:A,D8,'3. normenblad'!B:B,G8) -> 0 | J8: =IFERROR(H8/I8*'4. uurtarief opbouw'!$C$32,0) -> 0
A9: Groningen en Drenthe | B9: Assen Marsdijk | C9: Klompmakerstraat 17 | D9: Overige ruimten | E9: beton | F9: 910 | G9: 4 | H9: =F9*G9 -> 3640 | I9: =SUMIFS('3. normenblad'!C:C,'3. normenblad'!A:A,D9,'3. normenblad'!B:B,G9) -> 0 | J9: =IFERROR(H9/I9*'4. uurtarief opbouw'!$C$32,0) -> 0
A10: Groningen en Drenthe | B10: Assen Marsdijk | C10: Klompmakerstraat 17 | D10: Overige ruimten | E10: harde vloer | F10: 390 | G10: 4 | H10: =F10*G10 -> 1560 | I10: =SUMIFS('3. normenblad'!C:C,'3. normenblad'!A:A,D10,'3. normenblad'!B:B,G10) -> 0 | J10: =IFERROR(H10/I10*'4. uurtarief opbouw'!$C$32,0) -> 0
A11: Groningen en Drenthe | B11: Assen Marsdijk | C11: Klompmakerstraat 17 | D11: Koelkast | E11: n.v.t. | F11: 1 | G11: 1 | H11: =F11*G11 -> 1 | I11: =SUMIFS('3. normenblad'!C:C,'3. normenblad'!A:A,D11,'3. normenblad'!B:B,G11) -> 0 | J11: =IFERROR(H11/I11*'4. uurtarief opbouw'!$C$32,0) -> 0
A12: Groningen en Drenthe | B12: Assen Marsdijk | C12: Klompmakerstraat 17 | D12: Glas | E12: n.v.t. | F12: 350 | G12: 2 | H12: =F12*G12 -> 700 | I12: =SUMIFS('3. normenblad'!C:C,'3. normenblad'!A:A,D12,'3. normenblad'!B:B,G12) -> 0 | J12: =IFERROR(H12/I12*'4. uurtarief opbouw'!$C$32,0) -> 0
A13: Groningen en Drenthe | B13: Assen Zeyerveen | C13: Asserwijk 52 | D13: Restauratief | E13: harde vloer | F13: 20 | G13: 12 | H13: =F13*G13 -> 240 | I13: =SUMIFS('3. normenblad'!C:C,'3. normenblad'!A:A,D13,'3. normenblad'!B:B,G13) -> 0 | J13: =IFERROR(H13/I13*'4. uurtarief opbouw'!$C$32,0) -> 0
A14: Groningen en Drenthe | B14: Assen Zeyerveen | C14: Asserwijk 52 | D14: Sanitair | E14: steen | F14: 5 | G14: 12 | H14: =F14*G14 -> 60 | I14: =SUMIFS('3. normenblad'!C:C,'3. normenblad'!A:A,D14,'3. normenblad'!B:B,G14) -> 0 | J14: =IFERROR(H14/I14*'4. uurtarief opbouw'!$C$32,0) -> 0
A15: Groningen en Drenthe | B15: Assen Zeyerveen | C15: Asserwijk 52 | D15: Overige ruimten | E15: beton | F15: 763 | G15: 4 | H15: =F15*G15 -> 3052 | I15: =SUMIFS('3. normenblad'!C:C,'3. normenblad'!A:A,D15,'3. normenblad'!B:B,G15) -> 0 | J15: =IFERROR(H15/I15*'4. uurtarief opbouw'!$C$32,0) -> 0
A16: Groningen en Drenthe | B16: Assen Zeyerveen | C16: Asserwijk 52 | D16: Overige ruimten | E16: harde vloer | F16: 327 | G16: 4 | H16: =F16*G16 -> 1308 | I16: =SUMIFS('3. normenblad'!C:C,'3. normenblad'!A:A,D16,'3. normenblad'!B:B,G16) -> 0 | J16: =IFERROR(H16/I16*'4. uurtarief opbouw'!$C$32,0) -> 0
A17: Groningen en Drenthe | B17: Assen Zeyerveen | C17: Asserwijk 52 | D17: Koelkast | E17: n.v.t. | F17: 1 | G17: 1 | H17: =F17*G17 -> 1 | I17: =SUMIFS('3. normenblad'!C:C,'3. normenblad'!A:A,D17,'3. normenblad'!B:B,G17) -> 0 | J17: =IFERROR(H17/I17*'4. uurtarief opbouw'!$C$32,0) -> 0
A18: Groningen en Drenthe | B18: Assen Zeyerveen | C18: Asserwijk 52 | D18: Glas | E18: n.v.t. | F18: 350 | G18: 2 | H18: =F18*G18 -> 700 | I18: =SUMIFS('3. normenblad'!C:C,'3. normenblad'!A:A,D18,'3. normenblad'!B:B,G18) -> 0 | J18: =IFERROR(H18/I18*'4. uurtarief opbouw'!$C$32,0) -> 0
... A377: Overijssel | B377: Zwolle Weteringskade | C377: Marsweg 5 | D377: Koelkast | E377: n.v.t. | F377: 1 | G377: 1 | H377: =F377*G377 -> 1 | I377: =SUMIFS('3. normenblad'!C:C,'3. normenblad'!A:A,D377,'3. normenblad'!B:B,G377) -> 0 | J377: =IFERROR(H377/I377*'4. uurtarief opbouw'!$C$32,0) -> 0

Sheet 6. totaal Regulier
A2: Totaal Regulier Perceel 1 Noord
A3: Minimumuren per bezoek per locatie is instelbaar.
A4: ='2. Inschrijfprijs'!C5 -> 0
A6: Vestiging | B6: Locatie | C6: Adres | D6: Minimum uren per bezoek | E6: Hoogste frequentie | F6: Berekende uren per jaar | G6: Aanvulling minimale uren | H6: Totale uren per jaar | I6: Berekende kosten | J6: Totale kosten incl. aanvulling
A7: Groningen en Drenthe | B7: Assen Marsdijk | C7: Klompmakerstraat 17 | E7: =_xlfn.MAXIFS('5. ruimtestaat'!$G:$G,'5. ruimtestaat'!$A:$A,$A7,'5. ruimtestaat'!$B:$B,$B7,'5. ruimtestaat'!$C:$C,$C7) -> 12 | F7: =SUMIFS('5. ruimtestaat'!$J:$J,'5. ruimtestaat'!$A:$A,$A7,'5. ruimtestaat'!$B:$B,$B7,'5. ruimtestaat'!$C:$C,$C7)/'4. uurtarief opbouw'!$C$32 -> #DIV/0! | G7: =MAX(0,$D7*$E7-$F7) -> #DIV/0! | H7: =$F7+$G7 -> #DIV/0! | I7: =SUMIFS('5. ruimtestaat'!$J:$J,'5. ruimtestaat'!$A:$A,$A7,'5. ruimtestaat'!$B:$B,$B7,'5. ruimtestaat'!$C:$C,$C7) -> 0 | J7: =$H7*'4. uurtarief opbouw'!$C$32 -> #DIV/0!
A8: Groningen en Drenthe | B8: Assen Zeyerveen | C8: Asserwijk 52 | E8: =_xlfn.MAXIFS('5. ruimtestaat'!$G:$G,'5. ruimtestaat'!$A:$A,$A8,'5. ruimtestaat'!$B:$B,$B8,'5. ruimtestaat'!$C:$C,$C8) -> 12 | F8: =SUMIFS('5. ruimtestaat'!$J:$J,'5. ruimtestaat'!$A:$A,$A8,'5. ruimtestaat'!$B:$B,$B8,'5. ruimtestaat'!$C:$C,$C8)/'4. uurtarief opbouw'!$C$32 -> #DIV/0! | G8: =MAX(0,$D8*$E8-$F8) -> #DIV/0! | H8: =$F8+$G8 -> #DIV/0! | I8: =SUMIFS('5. ruimtestaat'!$J:$J,'5. ruimtestaat'!$A:$A,$A8,'5. ruimtestaat'!$B:$B,$B8,'5. ruimtestaat'!$C:$C,$C8) -> 0 | J8: =$H8*'4. uurtarief opbouw'!$C$32 -> #DIV/0!
A9: Groningen en Drenthe | B9: Bargermeer Emmen | C9: Ph. Foggstraat 26 | E9: =_xlfn.MAXIFS('5. ruimtestaat'!$G:$G,'5. ruimtestaat'!$A:$A,$A9,'5. ruimtestaat'!$B:$B,$B9,'5. ruimtestaat'!$C:$C,$C9) -> 12 | F9: =SUMIFS('5. ruimtestaat'!$J:$J,'5. ruimtestaat'!$A:$A,$A9,'5. ruimtestaat'!$B:$B,$B9,'5. ruimtestaat'!$C:$C,$C9)/'4. uurtarief opbouw'!$C$32 -> #DIV/0! | G9: =MAX(0,$D9*$E9-$F9) -> #DIV/0! | H9: =$F9+$G9 -> #DIV/0! | I9: =SUMIFS('5. ruimtestaat'!$J:$J,'5. ruimtestaat'!$A:$A,$A9,'5. ruimtestaat'!$B:$B,$B9,'5. ruimtestaat'!$C:$C,$C9) -> 0 | J9: =$H9*'4. uurtarief opbouw'!$C$32 -> #DIV/0!
A10: Groningen en Drenthe | B10: Beilen | C10: De Lotten 1 (Hijken) | E10: =_xlfn.MAXIFS('5. ruimtestaat'!$G:$G,'5. ruimtestaat'!$A:$A,$A10,'5. ruimtestaat'!$B:$B,$B10,'5. ruimtestaat'!$C:$C,$C10) -> 12 | F10: =SUMIFS('5. ruimtestaat'!$J:$J,'5. ruimtestaat'!$A:$A,$A10,'5. ruimtestaat'!$B:$B,$B10,'5. ruimtestaat'!$C:$C,$C10)/'4. uurtarief opbouw'!$C$32 -> #DIV/0! | G10: =MAX(0,$D10*$E10-$F10) -> #DIV/0! | H10: =$F10+$G10 -> #DIV/0! | I10: =SUMIFS('5. ruimtestaat'!$J:$J,'5. ruimtestaat'!$A:$A,$A10,'5. ruimtestaat'!$B:$B,$B10,'5. ruimtestaat'!$C:$C,$C10) -> 0 | J10: =$H10*'4. uurtarief opbouw'!$C$32 -> #DIV/0!
A11: Groningen en Drenthe | B11: Coevorden | C11: Dreef 2 (kruising met Krimweg) | E11: =_xlfn.MAXIFS('5. ruimtestaat'!$G:$G,'5. ruimtestaat'!$A:$A,$A11,'5. ruimtestaat'!$B:$B,$B11,'5. ruimtestaat'!$C:$C,$C11) -> 12 | F11: =SUMIFS('5. ruimtestaat'!$J:$J,'5. ruimtestaat'!$A:$A,$A11,'5. ruimtestaat'!$B:$B,$B11,'5. ruimtestaat'!$C:$C,$C11)/'4. uurtarief opbouw'!$C$32 -> #DIV/0! | G11: =MAX(0,$D11*$E11-$F11) -> #DIV/0! | H11: =$F11+$G11 -> #DIV/0! | I11: =SUMIFS('5. ruimtestaat'!$J:$J,'5. ruimtestaat'!$A:$A,$A11,'5. ruimtestaat'!$B:$B,$B11,'5. ruimtestaat'!$C:$C,$C11) -> 0 | J11: =$H11*'4. uurtarief opbouw'!$C$32 -> #DIV/0!
A12: Groningen en Drenthe | B12: Eemshaven Midden | C12: Middenweg 2 | E12: =_xlfn.MAXIFS('5. ruimtestaat'!$G:$G,'5. ruimtestaat'!$A:$A,$A12,'5. ruimtestaat'!$B:$B,$B12,'5. ruimtestaat'!$C:$C,$C12) -> 12 | F12: =SUMIFS('5. ruimtestaat'!$J:$J,'5. ruimtestaat'!$A:$A,$A12,'5. ruimtestaat'!$B:$B,$B12,'5. ruimtestaat'!$C:$C,$C12)/'4. uurtarief opbouw'!$C$32 -> #DIV/0! | G12: =MAX(0,$D12*$E12-$F12) -> #DIV/0! | H12: =$F12+$G12 -> #DIV/0! | I12: =SUMIFS('5. ruimtestaat'!$J:$J,'5. ruimtestaat'!$A:$A,$A12,'5. ruimtestaat'!$B:$B,$B12,'5. ruimtestaat'!$C:$C,$C12) -> 0 | J12: =$H12*'4. uurtarief opbouw'!$C$32 -> #DIV/0!
A13: Groningen en Drenthe | B13: Eemshaven Oost | C13: Robbenplaatweg | E13: =_xlfn.MAXIFS('5. ruimtestaat'!$G:$G,'5. ruimtestaat'!$A:$A,$A13,'5. ruimtestaat'!$B:$B,$B13,'5. ruimtestaat'!$C:$C,$C13) -> 12 | F13: =SUMIFS('5. ruimtestaat'!$J:$J,'5. ruimtestaat'!$A:$A,$A13,'5. ruimtestaat'!$B:$B,$B13,'5. ruimtestaat'!$C:$C,$C13)/'4. uurtarief opbouw'!$C$32 -> #DIV/0! | G13: =MAX(0,$D13*$E13-$F13) -> #DIV/0! | H13: =$F13+$G13 -> #DIV/0! | I13: =SUMIFS('5. ruimtestaat'!$J:$J,'5. ruimtestaat'!$A:$A,$A13,'5. ruimtestaat'!$B:$B,$B13,'5. ruimtestaat'!$C:$C,$C13) -> 0 | J13: =$H13*'4. uurtarief opbouw'!$C$32 -> #DIV/0!
A14: Groningen en Drenthe | B14: Emmen Weerdinge | C14: Weerdingerstraat 180 | E14: =_xlfn.MAXIFS('5. ruimtestaat'!$G:$G,'5. ruimtestaat'!$A:$A,$A14,'5. ruimtestaat'!$B:$B,$B14,'5. ruimtestaat'!$C:$C,$C14) -> 12 | F14: =SUMIFS('5. ruimtestaat'!$J:$J,'5. ruimtestaat'!$A:$A,$A14,'5. ruimtestaat'!$B:$B,$B14,'5. ruimtestaat'!$C:$C,$C14)/'4. uurtarief opbouw'!$C$32 -> #DIV/0! | G14: =MAX(0,$D14*$E14-$F14) -> #DIV/0! | H14: =$F14+$G14 -> #DIV/0! | I14: =SUMIFS('5. ruimtestaat'!$J:$J,'5. ruimtestaat'!$A:$A,$A14,'5. ruimtestaat'!$B:$B,$B14,'5. ruimtestaat'!$C:$C,$C14) -> 0 | J14: =$H14*'4. uurtarief opbouw'!$C$32 -> #DIV/0!
A15: Groningen en Drenthe | B15: Gasselternijveen | C15: Noorderdwarsdijk 1 | E15: =_xlfn.MAXIFS('5. ruimtestaat'!$G:$G,'5. ruimtestaat'!$A:$A,$A15,'5. ruimtestaat'!$B:$B,$B15,'5. ruimtestaat'!$C:$C,$C15) -> 12 | F15: =SUMIFS('5. ruimtestaat'!$J:$J,'5. ruimtestaat'!$A:$A,$A15,'5. ruimtestaat'!$B:$B,$B15,'5. ruimtestaat'!$C:$C,$C15)/'4. uurtarief opbouw'!$C$32 -> #DIV/0! | G15: =MAX(0,$D15*$E15-$F15) -> #DIV/0! | H15: =$F15+$G15 -> #DIV/0! | I15: =SUMIFS('5. ruimtestaat'!$J:$J,'5. ruimtestaat'!$A:$A,$A15,'5. ruimtestaat'!$B:$B,$B15,'5. ruimtestaat'!$C:$C,$C15) -> 0 | J15: =$H15*'4. uurtarief opbouw'!$C$32 -> #DIV/0!
A16: Groningen en Drenthe | B16: Groningen Bloemsingel | C16: Monnikhof | E16: =_xlfn.MAXIFS('5. ruimtestaat'!$G:$G,'5. ruimtestaat'!$A:$A,$A16,'5. ruimtestaat'!$B:$B,$B16,'5. ruimtestaat'!$C:$C,$C16) -> 12 | F16: =SUMIFS('5. ruimtestaat'!$J:$J,'5. ruimtestaat'!$A:$A,$A16,'5. ruimtestaat'!$B:$B,$B16,'5. ruimtestaat'!$C:$C,$C16)/'4. uurtarief opbouw'!$C$32 -> #DIV/0! | G16: =MAX(0,$D16*$E16-$F16) -> #DIV/0! | H16: =$F16+$G16 -> #DIV/0! | I16: =SUMIFS('5. ruimtestaat'!$J:$J,'5. ruimtestaat'!$A:$A,$A16,'5. ruimtestaat'!$B:$B,$B16,'5. ruimtestaat'!$C:$C,$C16) -> 0 | J16: =$H16*'4. uurtarief opbouw'!$C$32 -> #DIV/0!
A17: Groningen en Drenthe | B17: Groningen Hunze | C17: Oude Stamspoor 5 (via Bornholmstraat) | E17: =_xlfn.MAXIFS('5. ruimtestaat'!$G:$G,'5. ruimtestaat'!$A:$A,$A17,'5. ruimtestaat'!$B:$B,$B17,'5. ruimtestaat'!$C:$C,$C17) -> 12 | F17: =SUMIFS('5. ruimtestaat'!$J:$J,'5. ruimtestaat'!$A:$A,$A17,'5. ruimtestaat'!$B:$B,$B17,'5. ruimtestaat'!$C:$C,$C17)/'4. uurtarief opbouw'!$C$32 -> #DIV/0! | G17: =MAX(0,$D17*$E17-$F17) -> #DIV/0! | H17: =$F17+$G17 -> #DIV/0! | I17: =SUMIFS('5. ruimtestaat'!$J:$J,'5. ruimtestaat'!$A:$A,$A17,'5. ruimtestaat'!$B:$B,$B17,'5. ruimtestaat'!$C:$C,$C17) -> 0 | J17: =$H17*'4. uurtarief opbouw'!$C$32 -> #DIV/0!
A18: Groningen en Drenthe | B18: Groningen Bornholmstraat | C18: Herningweg | E18: =_xlfn.MAXIFS('5. ruimtestaat'!$G:$G,'5. ruimtestaat'!$A:$A,$A18,'5. ruimtestaat'!$B:$B,$B18,'5. ruimtestaat'!$C:$C,$C18) -> 12 | F18: =SUMIFS('5. ruimtestaat'!$J:$J,'5. ruimtestaat'!$A:$A,$A18,'5. ruimtestaat'!$B:$B,$B18,'5. ruimtestaat'!$C:$C,$C18)/'4. uurtarief opbouw'!$C$32 -> #DIV/0! | G18: =MAX(0,$D18*$E18-$F18) -> #DIV/0! | H18: =$F18+$G18 -> #DIV/0! | I18: =SUMIFS('5. ruimtestaat'!$J:$J,'5. ruimtestaat'!$A:$A,$A18,'5. ruimtestaat'!$B:$B,$B18,'5. ruimtestaat'!$C:$C,$C18) -> 0 | J18: =$H18*'4. uurtarief opbouw'!$C$32 -> #DIV/0!
... A73: Overijssel | B73: Zwolle Weteringskade | C73: Marsweg 5 | E73: =_xlfn.MAXIFS('5. ruimtestaat'!$G:$G,'5. ruimtestaat'!$A:$A,$A73,'5. ruimtestaat'!$B:$B,$B73,'5. ruimtestaat'!$C:$C,$C73) -> 12 | F73: =SUMIFS('5. ruimtestaat'!$J:$J,'5. ruimtestaat'!$A:$A,$A73,'5. ruimtestaat'!$B:$B,$B73,'5. ruimtestaat'!$C:$C,$C73)/'4. uurtarief opbouw'!$C$32 -> #DIV/0! | G73: =MAX(0,$D73*$E73-$F73) -> #DIV/0! | H73: =$F73+$G73 -> #DIV/0! | I73: =SUMIFS('5. ruimtestaat'!$J:$J,'5. ruimtestaat'!$A:$A,$A73,'5. ruimtestaat'!$B:$B,$B73,'5. ruimtestaat'!$C:$C,$C73) -> 0 | J73: =$H73*'4. uurtarief opbouw'!$C$32 -> #DIV/0!
A74: Totaal | F74: =SUM(F7:F73) -> #DIV/0! | G74: =SUM(G7:G73) -> #DIV/0! | H74: =SUM(H7:H73) -> #DIV/0! | I74: =SUM(I7:I73) -> 0 | J74: =SUM(J7:J73) -> #DIV/0!

Sheet 7. Projecten schoonmaak
A1: Projecten schoonmaak Perceel 1 Noord
A3: ='2. Inschrijfprijs'!C5 -> 0
A4: Tijdens projectwerkzaamheden worden de locaties in 1 of 2 x per week schoongemaakt waarbij altijd het sanitair, de restauratieve ruimte en overige ruimten met harde vloer. Indien het ook wenselijk is om ook ruimten met betonvloer te onderhouden voegt men die toe op basis van de normering vanuit het normenblad en het standaard uurtarief. Onderstaand is een evenredige verdeling van beurten over alle locaties zoals deze in het verleden zijn uitgevoerd. Het kan voorkomen dat een prokject twee weken duurt of 52 weken duurt.
A6: Vestiging | B6: Locatie | C6: Adres | D6: Omschrijving | E6: Fictief aantal beurten | F6: uren per beurt | G6: tarief per beurt | H6: Totaalprijs
A7: Groningen en Drenthe | B7: Assen Marsdijk | C7: Klompmakerstraat 17 | D7: Projecten schoonmaak | E7: 22 | G7: =F7*'4. uurtarief opbouw'!$C$32 -> 0 | H7: =G7*E7 -> 0
A8: Groningen en Drenthe | B8: Assen Zeyerveen | C8: Asserwijk 52 | D8: Projecten schoonmaak | E8: 22 | G8: =F8*'4. uurtarief opbouw'!$C$32 -> 0 | H8: =G8*E8 -> 0
A9: Groningen en Drenthe | B9: Bargermeer Emmen | C9: Ph. Foggstraat 26 | D9: Projecten schoonmaak | E9: 22 | G9: =F9*'4. uurtarief opbouw'!$C$32 -> 0 | H9: =G9*E9 -> 0
A10: Groningen en Drenthe | B10: Beilen | C10: De Lotten 1 (Hijken) | D10: Projecten schoonmaak | E10: 22 | G10: =F10*'4. uurtarief opbouw'!$C$32 -> 0 | H10: =G10*E10 -> 0
A11: Groningen en Drenthe | B11: Coevorden | C11: Dreef 2 (kruising met Krimweg) | D11: Projecten schoonmaak | E11: 22 | G11: =F11*'4. uurtarief opbouw'!$C$32 -> 0 | H11: =G11*E11 -> 0
A12: Groningen en Drenthe | B12: Eemshaven Midden | C12: Middenweg 2 | D12: Projecten schoonmaak | E12: 22 | G12: =F12*'4. uurtarief opbouw'!$C$32 -> 0 | H12: =G12*E12 -> 0
A13: Groningen en Drenthe | B13: Eemshaven Oost | C13: Robbenplaatweg | D13: Projecten schoonmaak | E13: 22 | G13: =F13*'4. uurtarief opbouw'!$C$32 -> 0 | H13: =G13*E13 -> 0
A14: Groningen en Drenthe | B14: Emmen Weerdinge | C14: Weerdingerstraat 180 | D14: Projecten schoonmaak | E14: 22 | G14: =F14*'4. uurtarief opbouw'!$C$32 -> 0 | H14: =G14*E14 -> 0
A15: Groningen en Drenthe | B15: Gasselternijveen | C15: Noorderdwarsdijk 1 | D15: Projecten schoonmaak | E15: 22 | G15: =F15*'4. uurtarief opbouw'!$C$32 -> 0 | H15: =G15*E15 -> 0
A16: Groningen en Drenthe | B16: Groningen Bloemsingel | C16: Monnikhof | D16: Projecten schoonmaak | E16: 22 | G16: =F16*'4. uurtarief opbouw'!$C$32 -> 0 | H16: =G16*E16 -> 0
A17: Groningen en Drenthe | B17: Groningen Hunze | C17: Oude Stamspoor 5 (via Bornholmstraat) | D17: Projecten schoonmaak | E17: 22 | G17: =F17*'4. uurtarief opbouw'!$C$32 -> 0 | H17: =G17*E17 -> 0
A18: Groningen en Drenthe | B18: Groningen Bornholmstraat | C18: Herningweg | D18: Projecten schoonmaak | E18: 22 | G18: =F18*'4. uurtarief opbouw'!$C$32 -> 0 | H18: =G18*E18 -> 0
... A66: Overijssel | B66: Zwolle Weteringskade | C66: Marsweg 5 | D66: Projecten schoonmaak | E66: 17 | G66: =F66*'4. uurtarief opbouw'!$C$32 -> 0 | H66: =G66*E66 -> 0
A67: Aanvullende units (worden bij een projectlocatie bijgeplaatst)
D68: Aanvullende kantoorunit 30 m²* | E68: 10 | G68: =F68*'4. uurtarief opbouw'!$C$32 -> 0 | H68: =E68*G68 -> 0
D69: Aanvullende sanitair/kantoor*/restauratief unit 30 m² | E69: 10 | G69: =F69*'4. uurtarief opbouw'!$C$32 -> 0 | H69: =E69*G69 -> 0
D70: Aanvullend sanitair unit 15 m² | E70: 10 | G70: =F70*'4. uurtarief opbouw'!$C$32 -> 0 | H70: =E70*G70 -> 0
A71: Totaal projecten schoonmaak | H71: =SUM(H7:H66,H68:H70) -> 0
A73: * reinheidsnorm Overige Ruimten
A75: Leveringen
A76: Omschrijving | B76: eenheid | C76: tarief per eenheid | D76: eenheden per verpakking | E76: aantal eenheden | F76: tarief t.b.v. Inschrijfprijs
A77: Toiltepapier wit 2 laags 400 vel per rol | B77: rol | E77: 100 | F77: =C77*E77 -> 0
A78: Handzeep mininaal 300 ml pomp | B78: pomp | E78: 600 | F78: =C78*E78 -> 0
A79: Poetsrol papier wit centrefeed minimaal 15 meter 20 cm hoog, diameter 18-21 cm. | B79: rol | E79: 400 | F79: =C79*E79 -> 0
A80: Industriele handzeep t.b.v. hardnekkige oliën, vetten en andere zware vervuiling. Met pomp minimaal 1 liter. | B80: pomp | E80: 10 | F80: =C80*E80 -> 0
A81: totaal | F81: =SUM(F77:F80) -> 0

Sheet 8. Regiewerkzaamheden
A1: Regiewerkzaamheden Perceel 1 Noord
A2: ='2. Inschrijfprijs'!C5 -> 0
A4: Regietarieven
A5: Integrale regietarieven per uur | B5: Specialistische Schoonmaak medewerker | C5: Glazenwasser
A6: Werkdagen 6:00 - 21:30
A7: Werkdagen 21:30 - 24:00 (maandag t/m donderdag)
A8: Werkdagen 0:00 - 6:00 (dinsdag t/m vrijdag)
A9: Weekend
A10: Feestdagen
A12: Calamiteitendienstverlening 24/7 incl. voorrijkosten | B12: Uurtarief integraal
A13: Werkdagen 6:00 - 21:30
A14: Werkdagen 21:30 - 24:00 (maandag t/m donderdag)
A15: Werkdagen 0:00 - 6:00 (dinsdag t/m vrijdag)
A16: Weekend
A17: Feestdagen
A19: Vloeronderhoud (incl. in- en uitruimen meubilair) | B19: Prijs per m2
A20: Linoleum/PVC/steen/gietvloer - Schrobzuigen (machinaal)
A21: Linoleum - PU Coating
A22: Buitenterrein - Hogedruk reinigen
A24: Meubelreiniging | B24: Prijs per stuk
A25: Zitmeubilair reinigen, bureaustoelen bekleed - Bekleding stofzuigen en vlekverwijderen, harde delen nat/ stoom reinigen
A26: Zitmeubilair reinigen, vergaderstoelen bekleed - Bekleding stofzuigen en vlekverwijderen, harde delen nat/ stoom reinigen
A27: Zitmeubilair reinigen, restaurantbanken stof - Bekleding stofzuigen en vlekverwijderen, harde delen nat/ stoom reinigen
A28: Zitmeubilair reinigen, restaurantstoelen hout - Nat/stoom reinigen
A30: Sanitaire dispensers incl. sensoring waar mogelijk en montage o.b.v. huurconstructie incl. verbruiksartikelen | B30: Prijs per stuk
A31: dispenser t.b.v. poetsrol
A32: Prullenbak - 30 liter
A34: Dieptereiniging | B34: Prijs per m2
A35: Dieptereiniging sanitair
A36: Dieptereiniging keuken
A38: gevelreiniging en overig | B38: Prijs per m2
A39: Verwijderen graffiti
A40: Hoogwerker (prijs per dagdeel)
